 Dungeon Crawl Stone Soup version 0.17-a0-1701-gf693a3f (webtiles) character file.

240 hexophile the Ruffian (level 5, -4/45 HPs)
             Began as a Minotaur Berserker on Aug 21, 2015.
             Was a Follower of Okawaru.
             Slain by a black bear (5 damage)
             ... created by the rage of Trog
             ... on level 3 of the Dungeon.
             The game lasted 00:05:34 (1802 turns).

hexophile the Ruffian (Minotaur Berserker)          Turns: 1802, Time: 00:05:35

Health: -4/45      AC: 10    Str: 22      XL:     5   Next: 79%
Magic:  4/4        EV: 12    Int:  4      God:    Okawaru [*.....]
Gold:   206        SH:  0    Dex:  8 (10) Spells: 0 memorised, 4 levels left

rFire  . . .     SeeInvis .       - Unarmed
rCold  . . .     Clarity  .     a - +0 animal skin
rNeg   . . .     SustAt   .     (no shield)
rPois  .         Gourm    .     h - +2 hat
rElec  .         Spirit   .     (no cloak)
rCorr  .         Warding  .     (no gloves)
rMut   .         Stasis   .     (no boots)
MR     .....                    (no amulet)
Stlth  +.........               j - +1 ring of protection
                                f - +5 ring of protection

@: hasted, very quick, not resistant to hostile enchantments, very unstealthy
A: retaliatory headbutt, horns 2
a: Heroism, Renounce Religion


You were on level 3 of the Dungeon.
You worshipped Okawaru.
Okawaru was aware of your devotion.
You were not hungry.

You visited 1 branch of the dungeon, and saw 3 of its levels.

You collected 206 gold pieces.

Inventory:

Missiles
 c - 137 stones (quivered)
Armour
 a - a +0 animal skin (worn)
 h - a +2 hat (worn)
Jewellery
 f - a +5 ring of protection (left hand)
 j - a +1 ring of protection (right hand)
Scrolls
 d - 2 scrolls of fog
 s - 4 scrolls of enchant weapon
Potions
 e - 3 potions of haste
Comestibles
 b - 2 bread rations
 g - 3 meat rations
 i - a chunk of flesh
 n - a slice of pizza
 t - a beef jerky


   Skills:
 - Level 3.6 Fighting
 - Level 2.4 Armour
 - Level 2.1 Dodging
 + Level 7.2 Unarmed Combat


You had 4 spell levels left.
You didn't know any spells.

Dungeon Overview and Level Annotations

Branches:
Dungeon (3/15)

Altars:
Okawaru


Innate Abilities, Weirdness & Mutations

You reflexively headbutt those who attack you in melee.
You have a pair of horns on your head.


Message History

* * * LOW HITPOINT WARNING * * *
The black bear claws you but does no damage. x2
The black bear bites you.
* * * LOW HITPOINT WARNING * * *
The black bear claws you but does no damage.
The black bear claws you.
* * * LOW HITPOINT WARNING * * *
The black bear closely misses you. x2
The black bear barely misses you.
Unknown command.
You're too confused!
Drink which item? (? for menu, Esc to quit)
You feel yourself speed up.
You feel less confused. The black bear closely misses you.
The black bear claws you but does no damage. x2
The black bear bites you but does no damage.
The black bear claws you but does no damage.
The black bear claws you.
You die...

#....#.##########.#..####.##
#....#............#.....<...
#............$....#..####.##
..........).......#.... ...
#................#.....#.##
#.........h......+.....+..
#.........hh.....#.....#.#
######...hhh.....#.....#.#
#....@......####+##.#
#...........# #...........#
..............#
....(.........#
..............#
.....###.....## ..... .....#


You could see a polar bear (berserk) and 5 black bears.

Vanquished Creatures
  The ghost of Alipheese the Ruffian, an average NaMo (D:3)
  5 adders
  2 worms
  An orc (D:3)
  A ball python (D:2)
  8 bats
  2 giant cockroaches
  6 hobgoblins
  4 kobolds (D:2)
  A giant gecko (D:1)
  2 giant newts
  6 goblins
  6 rats
  A fungus (D:2)
46 creatures vanquished.

Notes
Turn   | Place    | Note
--------------------------------------------------------------
     0 | D:1      | hexophile the Minotaur Berserker began the quest for the Orb.
     0 | D:1      | Reached XP level 1. HP: 19/19 MP: 0/0
   169 | D:1      | Found an iron altar of Okawaru.
   204 | D:1      | Fell from the grace of Trog
   204 | D:1      | Became a worshipper of Warmaster Okawaru
   293 | D:1      | Reached skill level 4 in Unarmed Combat
   293 | D:1      | Reached XP level 2. HP: 26/26 MP: 1/1
   969 | D:2      | Reached XP level 3. HP: 31/31 MP: 2/2
  1132 | D:2      | Reached skill level 5 in Unarmed Combat
  1406 | D:2      | Reached XP level 4. HP: 39/39 MP: 3/3
  1613 | D:3      | Noticed Alipheese's ghost (average NaMo)
  1646 | D:3      | Killed Alipheese's ghost
  1646 | D:3      | Acquired Okawaru's first power
  1646 | D:3      | Reached skill level 7 in Unarmed Combat
  1646 | D:3      | Reached XP level 5. HP: 30/45 MP: 4/4
  1798 | D:3      | Noticed a black bear
  1798 | D:3      | Noticed a black bear
  1798 | D:3      | Noticed a polar bear
  1798 | D:3      | Noticed a black bear
  1798 | D:3      | Noticed a black bear
  1798 | D:3      | Noticed a black bear
  1800 | D:3      | HP: 3/45 [black bear[the rage of Trog] (4)]
  1800 | D:3      | HP: 1/45 [black bear[the rage of Trog] (2)]
  1802 | D:3      | Slain by a black bear

Vault maps used:
D:1:      dpeg_arrival_rhombi, okawaru_ov_weapons_minmay
D:2:      grunt_decor_fettered, minmay_gold_behind_fungi
D:3:      nicolae_overflow_crystal_walls, first_bread, uniq_iyjb, uniq_natasha,
          uniq_jessica

Action                   |  1- 3 |  4- 6 || total
-------------------------+-------+-------++-------
Melee: Unarmed           |    85 |    35 ||   120
  Use: Scroll            |     4 |     1 ||     5
       Potion            |     1 |     7 ||     8
  Eat: Chunk             |     2 |     1 ||     3
